 Dungeon Crawl Stone Soup version 0.31-a0-188-g5e087ee2ca (webtiles) character file.

Game seed: 8562163629881112662

1684 qw the Skirmisher (level 8, 0/46 HPs)
             Began as a Deep Elf Hunter on June 22, 2023.
             Was a Follower of Okawaru.
             Slain by a sleepcap (3 damage)
             ... on level 7 of the Dungeon.
             The game lasted 00:03:07 (5780 turns).

qw the Skirmisher (Deep Elf Hunter)                 Turns: 5780, Time: 00:03:07

Health: 0/46       AC: 18    Str: 13    XL:     8   Next: 71%
Magic:  13/13      EV: 14    Int: 15    God:    Okawaru [*.....]
Gold:   380        SH:  0    Dex: 20    Spells: 7/7 levels left

rFire   x x .        j - +0 orcbow
rCold   x x .        (shield currently unavailable)
rNeg    . . .        o - +2 leather armour "Qoschuck" {rCorr Str+3 Dex+2}
rPois   +            h - +0 helmet
rElec   .            d - +0 cloak
rCorr   +            n - +2 pair of gloves
SInv    .            (no boots)
Will    .....        i - amulet of Elemental Vulnerability {rPois rF-- rC-- AC+8}
Stlth   ++           (no ring)
HPRegen 0.27/turn    (no ring)
MPRegen 0.13/turn

%: no passive effects
@: no status effects
A: no striking features
a: Renounce Religion, Heroism


You were on level 7 of the Dungeon.
You worshipped Okawaru.
Okawaru was aware of your devotion.
You visited 1 branch of the dungeon, and saw 7 of its levels.
You also visited: Sewer.

You collected 380 gold pieces.


   Skills:
 - Level 3.2 Fighting
 + Level 12.2 Ranged Weapons
 - Level 2.2 Armour
 - Level 5.1 Dodging
 - Level 1.2 Stealth
 - Level 4.0 Invocations


You had 7 spell levels left.
You didn't know any spells.
Your spell library was empty.

Inventory:

Hand Weapons
 j - a +0 orcbow (weapon)
Armour
 d - a +0 cloak (worn)
 h - a +0 helmet (worn)
 n - a +2 pair of gloves (worn)
 o - the +2 leather armour "Qoschuck" (worn) {rCorr Str+3 Dex+2}
   (You found it on level 4 of the Dungeon)

   Str:       It affects your strength (+3).
   Dex:       It affects your dexterity (+2).
   rCorr:     It protects you from acid and corrosion.
Jewellery
 e - a ring of fire
 g - a ring of protection from cold
 i - the amulet of Elemental Vulnerability (around neck) {rPois rF-- rC-- AC+8}
   (You found it on level 2 of the Dungeon)

   [amulet of nothing]

   AC:        It affects your AC (+8).
   rF:        It makes you very vulnerable to fire.
   rC:        It makes you very vulnerable to cold.
   rPois:     It protects you from poison.
Wands
 p - a wand of digging (8)
Scrolls
 b - 2 scrolls of identify
 c - 3 scrolls of teleportation
Potions
 a - 2 potions of haste
 f - 2 potions of curing
 l - 3 potions of enlightenment
 q - 3 potions of mutation

Dungeon Overview and Level Annotations

Branches:
Dungeon (7/15)             Temple (0/1) D:5           Sewer (visited)

Altars:
Fedhas
Gozag
Okawaru
Sif Muna
Trog
Vehumet
Wu Jian
Yredelemnul

Shops:
D:2 =

Annotations:
D:6 3 runed translucent doors, qw's ghost, novice GrFi
D:7 Maggie


Message History

(D) Dungeon (T) Temple
Where to? (* - list waypoints, Enter - D:6, ? - help)
What level of the Dungeon? (default 1, ? - help)
There is a stone staircase leading down here.
You climb downwards.
The orc shouts! x2; You hear a shout!
Found 9 gold pieces.
Found a stone staircase leading up.
There is a stone staircase leading up here.
There are monsters nearby!
Waypoint 7 assigned to D:7.
You shoot an arrow.
Maggie shouts!
The orc shouts!
The arrow hits Maggie!
Maggie is lightly wounded.
You shoot an arrow. The arrow hits Maggie!
Maggie is moderately wounded.
You shoot an arrow. The arrow hits Maggie!
Maggie is heavily wounded.
An orc comes into view. It is wielding a +0 club.
You shoot an arrow. The orc shouts!
The arrow hits Maggie.
Maggie is heavily wounded.
Maggie hits you with a +0 morningstar of venom.
An orc comes into view. It is wielding a +0 whip.
The sleepcap barely misses you.
You shoot an arrow. The orc shouts!
The arrow hits Maggie but does no damage.
Maggie is heavily wounded.
Maggie hits you with a +0 morningstar of venom.
The sleepcap barely misses you.
5780 ||| STAIRDANCE The orc hits you but does no damage.
The orc closely misses you. Maggie gestures at you while chanting.
The bolt of fire hits you!!! The fire burns you terribly!
Ouch! That really hurt!
The bolt of fire hits the orc!!
The orc dies!
The sleepcap releases spores at you.
You die...

#.#### ####
...... ###...
#......
#.....#.......
#.............
#.....<......
#.....@......
#....@.......
#...)fo......
#.....o.......
###...........
##...$o...##
###..o...#
###....# ....#


You could see Maggie, a sleepcap and 4 orcs.

Vanquished Creatures
  Sigmund (D:3)
  A steam dragon (D:5)
  A water moccasin (Sewer)
  Duvessa (D:4)
  A black bear (D:4)
  A centaur (D:5)
  Blork the orc (D:6)
  2 kobold brigands (D:6)
  3 scorpions
  A bullfrog (D:6)
  Dowan (D:4)
  2 hounds
  An orc priest (D:5)
  Jessica (D:3)
  A sleepcap (D:6)
  2 iguanas
  Ijyb (D:4)
  An orc wizard (D:4)
  6 gnolls
  9 adders
  A shadow imp (D:6)
  A white imp (D:5)
  6 worms
  2 dart slugs
  14 orcs
  7 endoplasms
  A giant cockroach (D:2)
  7 goblins
  4 hobgoblins
  2 jackals (Sewer)
  A quokka (D:3)
  7 ball pythons
  4 bats
  4 frilled lizards
  15 kobolds
  4 rats
118 creatures vanquished.

Vanquished Creatures (others)
  An orc (D:7)
1 creature vanquished.

Grand Total: 119 creatures vanquished

Notes
Turn   | Place    | Note
-------+----------+-------------------------------------------
     0 | D:1      | qw the Deep Elf Hunter began the quest for the Orb.
     0 | D:1      | Reached XP level 1. HP: 12/12 MP: 3/3
     0 | D:1      | 0 ||| qw: Version: 0.3-a-9-g12657ce
     0 | D:1      | 0 ||| qw: Game counter: 2877
     0 | D:1      | 0 ||| qw: Always use a shield: true
     0 | D:1      | 0 ||| qw: God list: Okawaru
     0 | D:1      | 0 ||| qw: Allow faded altars: false
     0 | D:1      | 0 ||| qw: Do Orc after D:15 true
     0 | D:1      | 0 ||| qw: Do second Lair branch before Depths: true
     0 | D:1      | 0 ||| qw: Lair rune preference: random
     0 | D:1      | 0 ||| qw: Plans: Normal
     0 | D:1      | 0 ||| PLANNING D:1-11
   401 | D:1      | Reached skill level 6 in Ranged Weapons
   401 | D:1      | Reached XP level 2. HP: 16/16 MP: 4/4
   868 | D:1      | 868 ||| UPGRADING to +0 cloak.
   873 | D:1      | 873 ||| DROPPING scroll of butterflies.
   920 | D:2      | 920 ||| STAIRDANCE
  1093 | D:2      | Found the amulet of Elemental Vulnerability {rPois rF--
                  | rC-- AC+8}
  1127 | D:2      | Found Poaxzoi's Jewellery Emporium.
  1137 | D:2      | Reached XP level 3. HP: 16/20 MP: 5/5
  1159 | D:2      | 1159 ||| SHOPLISTING amulet of reflection (390 gold, have
                  | 77).
  1159 | D:2      | 1159 ||| SHOPLISTING amulet of regeneration (390 gold, have
                  | 77).
  1159 | D:2      | 1159 ||| SHOPLISTING amulet of the acrobat (390 gold, have
                  | 77).
  1159 | D:2      | 1159 ||| SHOPLISTING ring of resist corrosion (260 gold,
                  | have 77).
  1159 | D:2      | 1159 ||| SHOPLISTING ring of willpower (325 gold, have 77).
  1235 | D:2      | Reached skill level 7 in Ranged Weapons
  1663 | D:2      | 1663 ||| UPGRADING to +0 ring mail.
  1673 | D:2      | 1673 ||| DROPPING +0 leather armour.
  1674 | D:2      | 1674 ||| UPGRADING to +2 pair of gloves.
  1679 | D:2      | 1679 ||| UPGRADING to amulet of Elemental Vulnerability
                  | {rPois rF-- rC-- AC+8}.
  1684 | D:2      | 1684 ||| READING scroll labelled BULUTS TUNY.
  1689 | D:2      | 1689 ||| READING scroll labelled PEIRAY EVUK.
  1690 | D:2      | 1690 ||| READING scroll labelled CETAKLALYEKAS.
  1691 | D:2      | 1691 ||| DRINKING 2 smoky golden potions.
  1692 | D:2      | 1692 ||| DRINKING 2 brown potions.
  1714 | D:3      | 1714 ||| PLANNING SEWER
  1719 | D:3      | Reached XP level 4. HP: 25/25 MP: 6/6
  1850 | D:3      | Noticed Sigmund
  1850 | D:3      | Noticed a scorpion
  1862 | D:3      | HP: 6/25 [something (6)]
  1863 | D:3      | 1863 ||| DRINKING potion of heal wounds.
  1865 | D:3      | Killed a scorpion
  1866 | D:3      | Reached skill level 8 in Ranged Weapons
  1866 | D:3      | Reached XP level 5. HP: 29/29 MP: 7/7
  1897 | D:3      | Killed Sigmund
  1898 | D:3      | Reached skill level 9 in Ranged Weapons
  1898 | D:3      | Reached XP level 6. HP: 34/34 MP: 8/8
  2038 | D:3      | Found a blossoming altar of Fedhas.
  2166 | D:3      | Found an iron altar of Okawaru.
  2167 | D:3      | Noticed Jessica
  2176 | D:3      | Killed Jessica
  2286 | D:3      | Found a glowing drain.
  2289 | D:3      | 2289 ||| UPGRADING to +0 helmet.
  2294 | D:3      | 2294 ||| READING scroll labelled YQAOHO TEFYPI.
  2295 | D:3      | 2295 ||| READING scroll labelled MEANTI HIH FAJ.
  2296 | D:3      | 2296 ||| DRINKING 2 dark potions.
  2297 | D:3      | 2297 ||| DRINKING 3 cyan potions.
  2298 | D:3      | 2298 ||| READING 2 scrolls of identify.
  2298 | D:3      | 2298 ||| IDENTIFYING murky ruby potion
  2299 | D:3      | 2299 ||| DROPPING potion of invisibility.
  2300 | D:3      | 2300 ||| DROPPING potion of lignification.
  2306 | Sewer    | Entered a sewer
  2335 | Sewer    | Noticed a water moccasin
  2354 | Sewer    | Killed a water moccasin
  2411 | Sewer    | 2411 ||| DRINKING 3 red potions.
  2412 | Sewer    | 2412 ||| READING 2 scrolls of identify.
  2412 | Sewer    | 2412 ||| IDENTIFYING metallic ruby potion
  2413 | Sewer    | 2413 ||| DROPPING potion of degeneration.
  2430 | D:3      | 2430 ||| PLANNING OKAWARU WORSHIP
  2467 | D:3      | Became a worshipper of Warmaster Okawaru
  2468 | D:3      | 2468 ||| PLANNING D:1-11
  2651 | D:4      | Reached skill level 10 in Ranged Weapons
  2683 | D:4      | Reached XP level 7. HP: 40/40 MP: 9/9
  2691 | D:4      | Reached skill level 3 in Dodging
  2718 | D:4      | Identified the +2 leather armour "Qoschuck" {rCorr Str+3
                  | Dex+2}
  2819 | D:4      | Noticed Ijyb
  2835 | D:4      | Killed Ijyb
  2894 | D:4      | Found an opulent altar of Gozag.
  3433 | D:4      | Noticed Duvessa
  3434 | D:4      | Noticed Dowan
  3444 | D:4      | Killed Duvessa
  3445 | D:4      | Reached skill level 11 in Ranged Weapons
  3459 | D:4      | Killed Dowan
  3494 | D:4      | Found a basalt altar of Yredelemnul.
  3500 | D:4      | 3500 ||| UPGRADING to +2 leather armour "Qoschuck" {rCorr
                  | Str+3 Dex+2}.
  3510 | D:4      | 3510 ||| DROPPING +0 ring mail.
  3511 | D:4      | 3511 ||| DROPPING amulet of magic regeneration.
  3512 | D:4      | 3512 ||| DROPPING ring of wizardry.
  3513 | D:4      | 3513 ||| READING scroll labelled JAFAIRRYCH.
  3514 | D:4      | 3514 ||| READING scroll labelled UTWOENI KUHOSH.
  3515 | D:4      | 3515 ||| READING 2 scrolls of identify.
  3515 | D:4      | 3515 ||| IDENTIFYING glowing red potion
  3562 | D:5      | Entered Level 5 of the Dungeon
  3580 | D:5      | Reached * piety under Okawaru
  3591 | D:5      | Noticed a steam dragon
  3592 | D:5      | 3592 ||| INVOKING Heroism.
  3596 | D:5      | Killed a steam dragon
  3597 | D:5      | Reached skill level 1 in Invocations
  3597 | D:5      | Reached XP level 8. HP: 44/44 MP: 7/11
  3766 | D:5      | Found a staircase to the Ecumenical Temple.
  3771 | D:5      | 3771 ||| INVOKING Heroism.
  3984 | D:5      | 3984 ||| SWAPPING to +0 orcbow.
  3985 | D:5      | 3985 ||| DROPPING +0 shortbow.
  4008 | D:5      | Reached skill level 12 in Ranged Weapons
  4008 | D:5      | Reached skill level 3 in Invocations
  4008 | D:5      | 4008 ||| INVOKING Heroism.
  4161 | D:5      | Found an ornate altar of the Wu Jian Council.
  4162 | D:5      | Found a shimmering blue altar of Sif Muna.
  4453 | D:6      | Noticed Blork the orc
  4454 | D:6      | 4454 ||| INVOKING Heroism.
  4463 | D:6      | Killed Blork the orc
  4537 | D:6      | 4537 ||| Stepping ~*~*~tactically~*~*~ (outnumbered).
  4567 | D:6      | Found a radiant altar of Vehumet.
  4644 | D:6      | Found a bloodstained altar of Trog.
  4736 | D:6      | Reached skill level 3 in Fighting
  4838 | D:6      | Found a runed translucent gate.
  4838 | D:6      | Found a runed translucent gate.
  4838 | D:6      | Found a runed translucent gate.
  4842 | D:6      | Noticed qw's ghost (novice GrFi)
  4842 | D:6      | Identified the +5 chain mail of Bitterness {rCorr Str+2}
  5755 | D:6      | 5755 ||| Stepping randomly (stuck).
  5774 | D:7      | Noticed Maggie
  5780 | D:7      | 5780 ||| STAIRDANCE
  5780 | D:7      | HP: 3/46 [Maggie/bolt of fire (39)]
  5780 | D:7      | Slain by a sleepcap

Levels and vault maps discovered:
D:1:      dpeg_arrival_radiant, layout_loops_corners,
          chequers_serial_rivers_room_a, minmay_tromino_v2
D:2:      layout_loops_ring, serial_shops, nicolae_shop_peninsula,
          chequers_decorated_corner
D:3:      layout_basic, fedhas_altar_fruit_tree, okawaru_ov_weapons_minmay,
          gup_sewer_entry_bubbles, uniq_sigmund, uniq_jessica
D:4:      layout_loops_cross, nicolae_gozag_cash_rules_everything_around_me,
          mainiacjoe_overflow_alcove_4, uniq_duvessa, uniq_ijyb
D:5:      layout_cave_pods, gammafunk_temple_overflow_statue,
          minmay_temple_entry_tees, grunt_decor_one_mirror
D:6:      cheibrodos_thug_alley, layout_gridville, kennysheep_mini,
          nicolae_vehumet_altar_sigil, biasface_ghost_orc_armoury,
          uniq_blork_the_orc
D:7:      layout_cave_pools, serial_column_ruins, column_ruins_open_small,
          column_ruins_grid_1, column_ruins_columns_dead_end,
          column_ruins_columns_corner, column_ruins_columns_straight,
          uniq_maggie

Skill      XL: |  1  2  3  4  5  6  7  8 |
---------------+-------------------------+-----
Ranged Weapons | 6 7 8 9 10 11 12 | 12.2
Fighting       | 2 3 |  3.2
Armour         | 2 |  2.2
Dodging        | 4 5 |  5.1
Invocations    | 1 4 |  4.0
Stealth        | |  1.2

Action                     |  1- 3 |  4- 6 |  7- 9 || total
---------------------------+-------+-------+-------++-------
   Fire: Shortbow          |   101 |   134 |   127 ||   362
         Orcbow            |       |       |   110 ||   110
 Invoke: Heroism           |       |       |     4 ||     4
    Use: Scroll            |     3 |     4 |     3 ||    10
         Potion            |     2 |     4 |       ||     6
 Armour: Leather armour    |    18 |       |     8 ||    26
         Ring mail         |     2 |    52 |    55 ||   109
         Skin              |       |     2 |       ||     2
  Dodge: Dodged            |    23 |    28 |    60 ||   111

Table legend:
 A = Non-vault XP
 B = Vault XP
 C = Vault XP percentage of total XP
 D = Non-vault monster count
 E = Vault monster count
 F = Vault count percentage of total count
                 A         B        C        D         E       F
            +---------+---------+-------+---------+---------+-------
      Total |    1400 |    1006 |  41.8 |      93 |      25 |  21.2
            +---------+---------+-------+---------+---------+-------
        D:1 |      23 |       1 |   4.2 |      14 |       1 |   6.7
        D:2 |      70 |       0 |   0.0 |      17 |       0 |   0.0
        D:3 |     148 |     285 |  65.8 |      15 |       6 |  28.6
        D:4 |     243 |     249 |  50.6 |      19 |       3 |  13.6
        D:5 |     608 |       0 |   0.0 |      18 |       0 |   0.0
        D:6 |     308 |     316 |  50.6 |      10 |      12 |  54.5
      Sewer |       0 |     155 | 100.0 |       0 |       3 | 100.0
            +---------+---------+-------+---------+---------+-------
